 Dungeon Crawl Stone Soup version 0.16-a0-259-g9aa467b (webtiles) character file.

309 Qrupt the Slasher (level 6, -1/56 HPs)
             Began as a Naga Abyssal Knight on Aug 24, 2014.
             Was a Priest of Lugonu.
             Slain by an adder (2 damage)
             ... on Level 3 of the Dungeon.
             The game lasted 00:15:16 (3779 turns).

Qrupt the Slasher (Naga Abyssal Knight)             Turns: 3779, Time: 00:15:18

HP  -1/56        AC  4     Str 16      XL: 6   Next: 41%
MP   7/7         EV  9     Int 12      God: Lugonu [***...]
Gold 114         SH  0     Dex 11      Spells:  0 memorised,  5 levels left

rFire  . . .     SeeInvis +     a - +2 falchion
rCold  . . .     Clarity  .     b - +1 leather armour
rNeg   . . .     rCorr    .     (no shield)
rPois  +         rRot     .     (no helmet)
rElec  .         Spirit   .     (no cloak)
SustAb .         Warding  .     (no gloves)
rMut   .         Stasis   .     (no barding)
Gourm  .                        (no amulet)
MR     .....                    (no ring)
                                m - ring of stealth

@: lethally poisoned, very slow, not resistant to hostile enchantments, fairly
stealthy
A: spit poison, see invisible, deformed body, poison resistance, slowness 2, AC
+2
a: Spit Poison, Depart the Abyss, Bend Space, Banish, Renounce Religion


You were on level 3 of the Dungeon.
You worshipped Lugonu.
Lugonu was most pleased with you.
You were not hungry.

You visited 1 branch of the dungeon, and saw 3 of its levels.
You visited the Abyss 1 time.

You collected 114 gold pieces.

Inventory:

Hand weapons
 a - a +2 falchion (weapon)
Armour
 b - a +1 leather armour (worn)
Comestibles
 c - 4 bread rations
 o - a beef jerky
Scrolls
 d - a scroll of enchant weapon
 e - 2 scrolls of remove curse
 i - a scroll of amnesia
Jewellery
 m - a ring of stealth (left hand)
Potions
 k - 2 potions of restore abilities
 n - a potion of invisibility
 q - a potion of brilliance
Books
 l - a book of Alchemy

   Spells                             Type                      Level
   Sublimation of Blood               Necromancy                   2
   Alistair's Intoxication            Transmutation/Poison         4
   Condensation Shield                Ice                          4
   Petrify                            Transmutation/Earth          4
   Ignite Poison                      Fire/Transmutation           5


   Skills:
 - Level 3.0 Fighting
 + Level 5.9 Long Blades
 - Level 1.5 Armour
 - Level 0.7 Dodging
 - Level 4.0 Stealth
 - Level 2.0 Invocations


You had 5 spell levels left.
You didn't know any spells.

Dungeon Overview and Level Annotations

Branches:
Dungeon (3/15)

Altars:
Fedhas
Trog


Innate Abilities, Weirdness & Mutations

You cannot wear boots.
You can spit poison.
Your serpentine skin is tough (AC +2).
You have supernaturally acute eyesight.
Armour fits poorly on your strangely shaped body.
Your system is resistant to poisons.
You cover ground very slowly.


Message History

You feel sick. The adder misses you. The orc closely misses you.
The adder bites you but does no damage.
Drink which item? (? for menu, Esc to quit)
It has a very clean taste.
It was a potion of cure mutation.
The orc barely misses you. The adder bites you but does no damage.
The orc hits you with a morningstar.
* * * LOW HITPOINT WARNING * * *
Read which item? (? for menu, Esc to quit)
Okay, then.
You hit the adder.
The adder is almost dead.
The adder bites you but does no damage. The orc hits you but does no damage.
The orc barely misses you.
You closely miss the adder.
The adder is almost dead.
* * * LOW HITPOINT WARNING * * *
You feel sick. The adder bites you.
* * * LOW HITPOINT WARNING * * *
The orc barely misses you. The adder bites you.
You die...

**,,** *,,,,******
**,,,,,,,,,,
*,,,,****,,, *,****
*,,,, **.# *,,,,
######## **..# *,,,,
##.....)###..#* *,,,,
#.....o@S..?#* *,,,,
#......o.##########**,,,
##....).####......##..,,
####.................,,
*#.######..........,,
*#....####...........,
#...............##..,,
##.....#....#####**,,.
###........# **,.


You could see an adder and 2 orcs.

Vanquished Creatures
  2 orc priests (D:3)
  2 orc wizards (D:3)
  A worker ant (D:3)
  Ijyb (D:3)
  8 adders
  3 worms
  2 oozes
  6 orcs
  11 bats
  3 giant cockroaches
  2 hobgoblins (D:1)
  11 kobolds
  2 giant geckos (D:2)
  A giant newt (D:2)
  9 goblins
  4 rats
68 creatures vanquished.

Notes
Turn   | Place    | Note
--------------------------------------------------------------
     0 | Abyss:1  | Qrupt, the Naga Abyssal Knight, began the quest for the Orb.
     0 | Abyss:1  | Reached XP level 1. HP: 21/21 MP: 1/1
    12 | D:1      | Escaped the Abyss
   249 | D:1      | Reached skill level 1 in Stealth
   261 | D:1      | Reached XP level 2. HP: 5/28 MP: 2/2
  1033 | D:1      | Acquired Lugonu's second power
  1216 | D:2      | Reached XP level 3. HP: 19/34 MP: 3/3
  1344 | D:2      | Found a bloodstained altar of Trog.
  1551 | D:2      | Reached XP level 4. HP: 18/42 MP: 5/5
  1805 | D:2      | Reached skill level 4 in Stealth
  2494 | D:3      | Noticed Ijyb
  2499 | D:2      | Reached XP level 5. HP: 45/49 MP: 6/6
  2750 | D:3      | Killed Ijyb
  3160 | D:3      | Acquired Lugonu's third power
  3196 | D:3      | Reached skill level 5 in Long Blades
  3220 | D:3      | HP: 2/49 [bat (1)]
  3229 | D:3      | Reached XP level 6. HP: 3/56 MP: 7/7
  3569 | D:3      | Found a blossoming altar of Fedhas.
  3569 | D:3      | Noticed a centaur
  3779 | D:3      | HP: 2/56 [poisoned by an adder]
  3779 | D:3      | Slain by an adder

Action                   |  1- 3 |  4- 6 || total
-------------------------+-------+-------++-------
Melee: Falchion          |   113 |   149 ||   262
 Abil: Spit Poison       |     3 |    13 ||    16
  Use: Scroll            |       |    10 ||    10
       Potion            |       |     2 ||     2
 Stab: Sleeping          |     2 |     5 ||     7
       Distracted        |       |     3 ||     3
  Eat: Chunk             |     2 |     7 ||     9
       Pizza             |       |     1 ||     1
